 Dungeon Crawl Stone Soup version 0.23-a0-622-g59b4ea9c50 (webtiles) character file.

1416 Zazzir the Geomancer (level 8, -3/41 HPs)
             Began as a Gargoyle Earth Elementalist on Dec 24, 2018.
             Slain by Duvessa
             ... wielding a +1 short sword of speed
              (12 damage)
             ... on level 5 of the Dungeon.
             The game lasted 00:15:57 (5032 turns).

Zazzir the Geomancer (Gargoyle Earth Elementalist)  Turns: 5032, Time: 00:15:57

Health: -3/41      AC: 11    Str: 20    XL:     8   Next: 71%
Magic:  16/16      EV: 12    Int: 23    God:
Gold:   197        SH:  0    Dex: 10    Spells: 9/18 levels left

rFire    + + .     SeeInvis +   v - +2 mace (drain)
rCold    x . .     Gourm    .   (no shield)
rNeg     + . .     Faith    .   c - +0 robe
rPois    ∞         Spirit   .   j - +1 helmet
rElec    +         Reflect  .   u - +0 cloak
rCorr    .         Harm     .   o - +0 pair of gloves
MR       .....                  (no boots)
Stlth    ++........             q - amulet of magic regeneration
HPRegen  0.13/turn              w - +3 ring of strength
MPRegen  0.40/turn              s - ring "Wahen" {rF++ rC- Int+5 SInv}

@: mighty
A: negative energy resistance 1, electricity resistance, unbreathing,
petrification resistance, rot immunity, AC +5
a: no special abilities


You were on level 5 of the Dungeon.
You were not hungry.

You visited 1 branch of the dungeon, and saw 5 of its levels.

You collected 197 gold pieces.

Inventory:

Hand Weapons
 f - a +2 flail
 l - a +0 flail of draining
 v - a +2 mace of draining (weapon)
Missiles
 b - 196 stones (quivered)
Armour
 c - a +0 robe (worn)
 j - a +1 helmet (worn)
 o - a +0 pair of gloves (worn)
 u - a +0 cloak (worn)
Jewellery
 h - a +3 ring of strength
 q - an amulet of magic regeneration (around neck)
 s - the ring "Wahen" (right hand) {rF++ rC- Int+5 SInv}
   (You found it on level 4 of the Dungeon)

   [ring of see invisible]

   It affects your intelligence (+5).
   It greatly protects you from fire.
   It makes you vulnerable to cold.
   It lets you see invisible.
 w - a +3 ring of strength (left hand)
Wands
 n - a wand of paralysis (18)
Scrolls
 k - 2 scrolls of remove curse
 r - a scroll of identify
Potions
 e - 2 potions of agility
 g - a potion of curing
 i - 4 potions of brilliance
 p - a potion of flight
 t - a potion of haste {unknown}
Comestibles
 d - 4 rations
 x - 2 chunks of flesh


   Skills:
 - Level 1.5 Dodging
 - Level 2.1 Stealth
 + Level 5.9 Spellcasting
 + Level 6.2 Conjurations
   Level 0.7 Transmutations
 + Level 8.1 Earth Magic


You had 9 spell levels left.
You knew the following spells:

 Your Spells              Type           Power        Failure   Level  Hunger
a - Sandblast             Erth           #####.       1%          1    None
b - Stone Arrow           Conj/Erth      #####.       1%          3    #......
c - Lee's Rapid Deconstr  Erth           #####.....   9%          5    #####..

Your spell library contained the following spells:

 Spells                   Type           Power        Failure   Level  Hunger
 Passwall                 Tmut/Erth      ####....     1%          2    None
 Petrify                  Tmut/Erth      ####....     14%         4    ###....


Dungeon Overview and Level Annotations

Branches:
Dungeon (5/15)
 Temple: D:4-7

Altars:
Ashenzari
Ru

Annotations:
D:5 Duvessa


Innate Abilities, Weirdness & Mutations

You are resistant to torment.
Your stone body is resilient. (AC +5)
You are immune to poison.
You resist negative energy. (rN+)
You are resistant to electric shocks. (rElec)
You can survive without breathing.
You are immune to petrification.
You are immune to rotting.


Message History

Casting: Sandblast (safe; 1% risk of failure)
Confirm with . or Enter, or press ? or * to list all spells.
Aiming: Sandblast (safe; 1% risk of failure)
Press: ? - help, Shift-Dir - straight line, f/p - Duvessa
Aim: Duvessa, wielding a +1 short sword of speed and wearing a +0 ring mail The blast of sand hits Duvessa.
Duvessa is moderately wounded.
b - 196 stones The leopard gecko hisses angrily.
Duvessa hits you with a +1 short sword of speed!
* * * LOW HITPOINT WARNING * * *
Duvessa misses you.
You feel better. Duvessa hits you but does no damage.
As you read the scroll of fog, it crumbles to dust.
The scroll dissolves into smoke.
Duvessa closely misses you.
Duvessa hits you with a +1 short sword of speed.
* * * LOW HITPOINT WARNING * * *
Unknown command.
Duvessa hits you with a +1 short sword of speed!
You die...

#...#.#.......#
#...#.#.......#.#
#...#.'.......#.#
#####.....'.....$.#.##.#
.......)..'.....).#. ..#
...(......#.......#.#...
......e...#.......#..[.#
####....#.#########.##.#
#....#...§le@§§..##.#
#....#.######§##.##.# #....#.#
#§##.##<# #....#.## #.......#
#####.......# ####.####
...##.#####.# ### #.####
...##.#####.####.###....##
..................##.###.####.#
....#.#####.###...##.# #......#


You could see Duvessa (berserk) and a leopard gecko.

Vanquished Creatures
  The ghost of D1HalberdGnoll the Summoner, a novice TeSu (D:5)
  A water moccasin (D:5)
  2 phantoms (D:4)
  An ice beast (D:5)
  An ogre (D:4)
  Dowan (D:5)
  A howler monkey (D:4)
  2 orc priests (D:4)
  Crazy Yiuf (D:4)
  Terence (D:3)
  A bullfrog skeleton (D:4)
  2 worker ants
  4 orc wizards
  Robin (D:4)
  7 gnolls
  10 adders
  An ooze (D:4)
  An adder skeleton (D:4)
  2 worms
  A dart slug (D:1)
  2 leopard geckos
  15 orcs
  A ball python (D:4)
  9 giant cockroaches
  16 goblins
  12 hobgoblins
  3 jackals (D:4)
  2 quokkas
  9 bats
  6 frilled lizards
  2 kobolds (D:1)
  A leopard gecko skeleton (D:4)
  9 rats
  A fungus (D:4)
130 creatures vanquished.

Vanquished Creatures (others)
  An orc warrior (D:3)
1 creature vanquished.

Grand Total: 131 creatures vanquished

Notes
Turn   | Place    | Note
-------+----------+-------------------------------------------
     0 | D:1      | Zazzir the Gargoyle Earth Elementalist began the quest for
                  | the Orb.
     0 | D:1      | Reached XP level 1. HP: 10/10 MP: 3/3
   166 | D:1      | Reached skill level 4 in Earth Magic
   166 | D:1      | Reached XP level 2. HP: 6/15 MP: 0/5
   396 | D:1      | Found a shattered altar of Ashenzari.
   810 | D:1      | Reached XP level 3. HP: 16/19 MP: 7/7
   815 | D:1      | Learned a level 3 spell: Stone Arrow
  1394 | D:2      | Reached skill level 1 in Conjurations
  1412 | D:2      | Reached XP level 4. HP: 19/24 MP: 6/8
  2263 | D:3      | Noticed an orc warrior
  2477 | D:3      | Reached skill level 5 in Earth Magic
  2477 | D:3      | Reached XP level 5. HP: 19/28 MP: 9/9
  2493 | D:3      | Killed an orc warrior
  2802 | D:3      | Reached XP level 6. HP: 25/32 MP: 11/11
  2991 | D:3      | Noticed Terence
  2998 | D:3      | Killed Terence
  3174 | D:3      | Learned a level 5 spell: Lee's Rapid Deconstruction
  3521 | D:3      | Found a sacrificial altar of Ru.
  3715 | D:4      | Noticed a phantom
  3737 | D:4      | Killed a phantom
  3737 | D:4      | Reached skill level 6 in Earth Magic
  3789 | D:4      | Reached XP level 7. HP: 19/36 MP: 7/13
  4428 | D:4      | Reached skill level 5 in Spellcasting
  4428 | D:4      | Reached skill level 7 in Earth Magic
  4433 | D:4      | Reached skill level 5 in Conjurations
  4436 | D:4      | Reached XP level 8. HP: 29/41 MP: 6/15
  4634 | D:4      | Noticed Robin
  4638 | D:4      | Killed Robin
  4648 | D:4      | Got a clouded bone ring
  4649 | D:4      | Identified the ring "Wahen" {rF++ rC- Int+5 SInv} (You
                  | found it on level 4 of the Dungeon)
  4742 | D:4      | Found a runed door.
  4746 | D:4      | Noticed Crazy Yiuf
  4749 | D:4      | Killed Crazy Yiuf
  4793 | D:5      | Entered Level 5 of the Dungeon
  4878 | D:5      | Found a runed gate.
  4920 | D:5      | Found a runed gate.
  4921 | D:5      | Found a runed gate.
  4924 | D:5      | Noticed D1HalberdGnoll's ghost (novice TeSu)
  4951 | D:5      | Killed D1HalberdGnoll's ghost
  4958 | D:5      | Reached skill level 8 in Earth Magic
  5008 | D:5      | Noticed Dowan
  5015 | D:5      | Killed Dowan
  5017 | D:5      | Noticed Duvessa
  5032 | D:5      | Slain by Duvessa

Vault maps used:
D:1:      lemuel_arrival_broad_hall, serial_bayou_lagoon_a,
          evilmike_ruin_ashenzari
D:2:      serial_rivers, chequers_serial_rivers_micro_c,
          chequers_serial_rivers_marsh, chequers_serial_rivers_room_a,
          chequers_serial_rivers_large_b
D:3:      nicolae_overflow_crystal_walls, first_ration, uniq_terence
D:4:      uniq_robin, uniq_crazy_yiuf_cottage
D:5:      gammafunk_ghost_split, uniq_duvessa

Skill      XL: |  1  2  3  4  5  6  7  8 |
---------------+-------------------------+-----
Earth Magic    | 4 5 6 7 8 |  8.1
Conjurations   | 1 2 3 5 6 |  6.2
Spellcasting   | 3 4 5 |  5.9
Dodging        | |  1.5
Stealth        | |  2.1
Transmutations | |  0.7

Action                   |  1- 3 |  4- 6 |  7- 9 || total
-------------------------+-------+-------+-------++-------
Melee: Club              |   125 |       |       ||   125
       Flail             |       |   143 |    71 ||   214
       Mace              |       |       |     4 ||     4
 Cast: Sandblast         |    23 |    34 |    32 ||    89
       Stone Arrow       |       |     2 |     2 ||     4
       Lee's Rapid Decon |       |       |    10 ||    10
  Use: Scroll            |     3 |    11 |     2 ||    16
       Potion            |     4 |     3 |     2 ||     9
 Stab: Sleeping          |     1 |       |       ||     1
  Eat: Chunk             |     2 |     8 |     7 ||    17
Armor: Robe              |    55 |   101 |    33 ||   189
Dodge: Dodged            |   116 |   161 |    97 ||   374

Table legend:
 A = Non-vault XP
 B = Vault XP
 C = Vault XP percentage of total XP
 D = Non-vault monster count
 E = Vault monster count
 F = Vault count percentage of total count
                 A         B        C        D         E       F
            +---------+---------+-------+---------+---------+-------
      Total |    1356 |     668 |  33.0 |     111 |      19 |  14.6
            +---------+---------+-------+---------+---------+-------
        D:1 |      49 |       0 |   0.0 |      30 |       0 |   0.0
        D:2 |      72 |       0 |   0.0 |       9 |       0 |   0.0
        D:3 |     281 |      38 |  11.9 |      32 |       1 |   3.0
        D:4 |     797 |      78 |   8.9 |      39 |      14 |  26.4
        D:5 |     157 |     552 |  77.9 |       1 |       4 |  80.0
            +---------+---------+-------+---------+---------+-------
